APP
GREENEVILLE ASTROS @ BALTIMORE (APP) ORIOLES
09/16/2044
 
TOP OF THE 1ST
Greeneville Astros batting - Pitching for Baltimore (APP) Orioles : RHP Steve Webb
Pitching: RHP Steve Webb
Batting: LHB Lou Toth 0-0: Called Strike
0-1: Ground out 5-3 (Groundball, 56, EV 106.9 MPH)
Batting: RHB Edgar Trejo 0-0: Ball
1-0: Swinging Strike
1-1: Foul Ball, location: 2F
1-2: Strikes out swinging, 2-3 out at first.
Batting: LHB Josh Birkner 0-0: Fly out, F3 (Flyball, 3D, EV 91.9 MPH)
Top of the 1st over - 0 runs, 0 hits, 0 errors, 0 left on base; Greeneville 0 - Baltimore (APP) 0
BOTTOM OF THE 1ST
Baltimore (APP) Orioles batting - Pitching for Greeneville Astros : LHP Ruben Rojas
Pitching: LHP Ruben Rojas
Batting: RHB Mike Zepeda 0-0: Ball
1-0: Called Strike
1-1: Ball
2-1: Foul Ball, location: 2F
2-2: Strikes out looking
Batting: RHB Fernando Bravo 0-0: SINGLE (Groundball, 6MD, EV 99.4 MPH)
Batting: RHB J.J. Basil 0-0: Ball
Passed Ball!
Fernando Bravo to second
1-0: Swinging Strike
1-1: Ball
2-1: Called Strike
2-2: Ball
3-2: Strikes out swinging
Batting: RHB Jeremy Sipe 0-0: Foul Ball, location: 2F
0-1: Foul Ball, location: 2F
0-2: Ball
1-2: Foul Ball, location: 2F
1-2: Ball
2-2: Foul Ball, location: 2F
2-2: Ball
3-2: Foul Ball, location: 2F
3-2: Base on Balls
Batting: RHB Matt O'Dea 0-0: Ball
1-0: Foul Ball, location: 2F
1-1: Fielders Choice at 2nd, 5-4 (Groundball, 56, EV 104.4 MPH)
Bottom of the 1st over - 0 runs, 1 hit, 0 errors, 2 left on base; Greeneville 0 - Baltimore (APP) 0
TOP OF THE 2ND
Greeneville Astros batting - Pitching for Baltimore (APP) Orioles : RHP Steve Webb
Batting: RHB Ryan Salas 0-0: Ball
1-0: Foul Ball, location: 2F
1-1: Ball
2-1: Swinging Strike
2-2: Foul Ball, location: 2F
2-2: Ground out 1-3 (Groundball, P, EV 65.0 MPH)
Batting: RHB Sean Mounts 0-0: Called Strike
0-1: Ball
1-1: Ball
2-1: Ball
3-1: Called Strike
3-2: Foul Ball, location: 2F
3-2: Strikes out swinging
Batting: RHB Workneh Lagat 0-0: Swinging Strike
0-1: Called Strike
0-2: Foul Ball, location: 2F
0-2: Strikes out swinging
Top of the 2nd over - 0 runs, 0 hits, 0 errors, 0 left on base; Greeneville 0 - Baltimore (APP) 0
BOTTOM OF THE 2ND
Baltimore (APP) Orioles batting - Pitching for Greeneville Astros : LHP Ruben Rojas
Batting: RHB Daniel Jackson 0-0: SINGLE (Line Drive, 89S, EV 106.9 MPH)
Batting: LHB Rodolfo Montes 0-0: Called Strike
0-1: Ball
1-1: Ball
2-1: Swinging Strike
Daniel Jackson steals 2nd base
2-2: SINGLE (Line Drive, 34D, EV 105.6 MPH)
Daniel Jackson to third
Batting: RHB Kaleb Yerger 0-0: Called Strike
0-1: Ball
1-1: Ball
2-1: 3-RUN HOME RUN (Line Drive, 78XD, EV 110.0 MPH), Distance : 451 ft
Batting: RHB Ioan Biros 0-0: Ball
1-0: Called Strike
1-1: Foul Ball, location: 2F
1-2: Strikes out swinging
Batting: RHB Mike Zepeda 0-0: Ball
1-0: Foul Ball, location: 2F
1-1: Swinging Strike
1-2: DOUBLE (Line Drive, 3D, EV 102.5 MPH)
Batting: RHB Fernando Bravo 0-0: Called Strike
0-1: Ball
1-1: Ground out 5-3 (Groundball, 56, EV 81.2 MPH)
Batting: RHB J.J. Basil 0-0: Ball
1-0: Called Strike
1-1: Ball
2-1: Ball
3-1: Foul Ball, location: 2F
3-2: Strikes out swinging
Bottom of the 2nd over - 3 runs, 4 hits, 0 errors, 1 left on base; Greeneville 0 - Baltimore (APP) 3
TOP OF THE 3RD
Greeneville Astros batting - Pitching for Baltimore (APP) Orioles : RHP Steve Webb
Batting: LHB Jackson Trottier 0-0: Foul Ball, location: 2F
0-1: Ball
1-1: Fly out, F8 (Flyball, 78S, EV 80.0 MPH)
Batting: RHB Gabe Allen 0-0: Ball
1-0: Called Strike
1-1: Foul Ball, location: 2F
1-2: Foul Ball, location: 2F
1-2: Ball
2-2: Ball
3-2: Ground out 5-3 (Groundball, 56D, EV 86.2 MPH)
Batting: RHB Guo-ning Chen 0-0: Ball
1-0: Ball
2-0: Ball
3-0: Called Strike
3-1: Foul Ball, location: 2F
3-2: Foul Ball, location: 2F
3-2: Strikes out swinging
Top of the 3rd over - 0 runs, 0 hits, 0 errors, 0 left on base; Greeneville 0 - Baltimore (APP) 3
BOTTOM OF THE 3RD
Baltimore (APP) Orioles batting - Pitching for Greeneville Astros : LHP Ruben Rojas
Batting: RHB Jeremy Sipe 0-0: Ball
1-0: Called Strike
1-1: Ball
2-1: SINGLE (Line Drive, 6M, EV 98.8 MPH)
Batting: RHB Matt O'Dea 0-0: Ball
1-0: Ball
2-0: Ball
3-0: Base on Balls
Jeremy Sipe to second
Batting: RHB Daniel Jackson 0-0: Ball
1-0: Swinging Strike
1-1: Ball
2-1: Called Strike
2-2: Ball
3-2: Grounds into double play, 6-4-3 (Groundball, 6, EV 84.4 MPH)
Jeremy Sipe to third
Pitching: RHP Ray Fernandez
Batting: LHB Rodolfo Montes 0-0: Fly out, F7 (Line Drive, 7, EV 98.8 MPH)
Bottom of the 3rd over - 0 runs, 1 hit, 0 errors, 1 left on base; Greeneville 0 - Baltimore (APP) 3
TOP OF THE 4TH
Greeneville Astros batting - Pitching for Baltimore (APP) Orioles : RHP Steve Webb
Batting: LHB Lou Toth 0-0: Ball
1-0: Swinging Strike
1-1: Swinging Strike
1-2: Foul Ball, location: 2F
1-2: Foul Ball, location: 2F
1-2: Ball
2-2: Strikes out swinging
Batting: RHB Edgar Trejo 0-0: Called Strike
0-1: Ball
1-1: Foul Ball, location: 2F
1-2: Ball
2-2: Foul Ball, location: 2F
2-2: Strikes out swinging
Batting: LHB Josh Birkner 0-0: Called Strike
0-1: Foul Ball, location: 2F
0-2: Ball
1-2: Ball
2-2: Foul Ball, location: 2F
2-2: Ball
3-2: Base on Balls
Batting: RHB Ryan Salas 0-0: Ball
1-0: Swinging Strike
1-1: Foul Ball, location: 2F
1-2: Ball
2-2: Strikes out swinging
Top of the 4th over - 0 runs, 0 hits, 0 errors, 1 left on base; Greeneville 0 - Baltimore (APP) 3
BOTTOM OF THE 4TH
Baltimore (APP) Orioles batting - Pitching for Greeneville Astros : RHP Ray Fernandez
Batting: RHB Kaleb Yerger 0-0: Ball
1-0: Ball
2-0: DOUBLE (Flyball, 89D, EV 111.9 MPH)
Batting: RHB Ioan Biros 0-0: Ball
1-0: Foul Ball, location: 2F
1-1: Ball
2-1: Ball
3-1: Base on Balls
Batting: RHB Mike Zepeda 0-0: Ball
1-0: Ball
Wild Pitch!
Kaleb Yerger to third
Ioan Biros to second
2-0: Ball
3-0: Called Strike
3-1: Foul Ball, location: 2F
3-2: Base on Balls
Batting: RHB Fernando Bravo 0-0: Ball
1-0: Ball
2-0: Called Strike
2-1: Ball
3-1: Base on Balls
Kaleb Yerger scores
Ioan Biros to third
Mike Zepeda to second
Batting: RHB J.J. Basil 0-0: Ball
1-0: SINGLE (Groundball, 34D, EV 98.1 MPH)
Ioan Biros scores
Mike Zepeda to third
Fernando Bravo to second
Batting: RHB Jeremy Sipe 0-0: Fly out, F3 (Line Drive, 3, EV 68.1 MPH)
Lined into DP, U3 (Line Drive, 3, EV 66.9 MPH)
Batting: RHB Matt O'Dea 0-0: Ground out 6-3 (Groundball, 6, EV 106.2 MPH)
Bottom of the 4th over - 2 runs, 2 hits, 0 errors, 2 left on base; Greeneville 0 - Baltimore (APP) 5
TOP OF THE 5TH
Greeneville Astros batting - Pitching for Baltimore (APP) Orioles : RHP Steve Webb
Batting: RHB Sean Mounts 0-0: Ball
1-0: Foul Ball, location: 2F
1-1: Foul Ball, location: 2F
1-2: Ball
2-2: Ground out 6-3 (Groundball, 6, EV 85.6 MPH)
Batting: RHB Workneh Lagat 0-0: Ball
1-0: Foul Ball, location: 2F
1-1: Ball
2-1: Foul Ball, location: 2F
2-2: Ball
3-2: Foul Ball, location: 2F
3-2: Foul Ball, location: 2F
3-2: Strikes out swinging
Batting: LHB Jackson Trottier 0-0: Foul Ball, location: 2F
0-1: Ball
1-1: Ball
2-1: Foul Ball, location: 2F
2-2: Foul Ball, location: 2F
2-2: Ball
3-2: Strikes out swinging
Top of the 5th over - 0 runs, 0 hits, 0 errors, 0 left on base; Greeneville 0 - Baltimore (APP) 5
BOTTOM OF THE 5TH
Baltimore (APP) Orioles batting - Pitching for Greeneville Astros : RHP Ray Fernandez
Batting: RHB Daniel Jackson 0-0: Ball
1-0: Ball
2-0: Ball
3-0: Called Strike
3-1: Base on Balls
Batting: LHB Rodolfo Montes 0-0: Fly out, F8 (Line Drive, 8RD, EV 86.9 MPH)
Batting: RHB Kaleb Yerger 0-0: Called Strike
0-1: Ball
Daniel Jackson steals 2nd base
1-1: Called Strike
1-2: Ball
Passed Ball!
Daniel Jackson to third
2-2: Ball
3-2: DOUBLE (Groundball, 5L, EV 101.9 MPH)
Daniel Jackson scores
Batting: RHB Ioan Biros 0-0: Called Strike
0-1: Single, Error in OF, E7, batter to second base (Groundball, 56D, EV 98.8 MPH)
Kaleb Yerger scores
Batting: RHB Mike Zepeda 0-0: Ball
1-0: Ball
Wild Pitch!
Ioan Biros to third
2-0: Ball
3-0: Base on Balls
Batting: RHB Fernando Bravo 0-0: Ball
Mike Zepeda steals 2nd base
1-0: Ball
Wild Pitch!
Ioan Biros scores
Mike Zepeda to third
2-0: Called Strike
2-1: Swinging Strike
2-2: Foul Ball, location: 2F
2-2: SINGLE (Groundball, 56D, EV 110.6 MPH)
Mike Zepeda scores
Batting: RHB J.J. Basil 0-0: Hit by Pitch
Fernando Bravo to second
Batting: RHB Jeremy Sipe 0-0: Ball
1-0: Foul Ball, location: 2F
1-1: Called Strike
1-2: Ball
2-2: Ball
3-2: Strikes out swinging
Batting: RHB Matt O'Dea 0-0: Ball
1-0: Foul Ball, location: 2F
1-1: SINGLE (Flyball, 8LS, EV 89.4 MPH)
Fernando Bravo to third
J.J. Basil to second
Runner from 3rd tries for Home, SAFE, throw by CF to home
Pitching: RHP Danny Jensen
Batting: RHB Daniel Jackson 0-0: Ground out U3 (Groundball, 3L, EV 92.5 MPH)
Bottom of the 5th over - 5 runs, 4 hits, 1 error, 2 left on base; Greeneville 0 - Baltimore (APP) 10
TOP OF THE 6TH
Greeneville Astros batting - Pitching for Baltimore (APP) Orioles : RHP Steve Webb
Batting: RHB Gabe Allen 0-0: Foul Ball, location: 2F
0-1: Ball
1-1: Ground out 6-3 (Groundball, 6, EV 105.6 MPH)
Batting: RHB Guo-ning Chen 0-0: Ball
1-0: Called Strike
1-1: Foul Ball, location: 2F
1-2: Fly out, F6 (Flyball, 56D, EV 90.6 MPH)
Batting: LHB Lou Toth 0-0: Foul Ball, location: 2F
0-1: Swinging Strike
0-2: Strikes out swinging
Top of the 6th over - 0 runs, 0 hits, 0 errors, 0 left on base; Greeneville 0 - Baltimore (APP) 10
BOTTOM OF THE 6TH
Baltimore (APP) Orioles batting - Pitching for Greeneville Astros : RHP Danny Jensen
Batting: LHB Rodolfo Montes 0-0: Called Strike
0-1: Hit by Pitch
Batting: RHB Kaleb Yerger 0-0: Ball
1-0: Called Strike
1-1: Ball
2-1: Ball
3-1: Foul Ball, location: 2F
3-2: SINGLE (Flyball, 4D, EV 85.0 MPH)
Rodolfo Montes to second
Rodolfo Montes to third
Batting: RHB Ioan Biros 0-0: Ball
1-0: Ball
2-0: Ball
Wild Pitch!
Rodolfo Montes scores
Kaleb Yerger to second
3-0: Base on Balls
Batting: RHB Mike Zepeda 0-0: Called Strike
0-1: Ball
1-1: Fly out, F4 (Popup, 34S, EV 85.6 MPH)
Batting: RHB Fernando Bravo 0-0: Ball
1-0: Ball
2-0: Called Strike
2-1: Swinging Strike
2-2: Foul Ball, location: 2F
2-2: Ball
3-2: Foul Ball, location: 2F
3-2: Base on Balls
Kaleb Yerger to third
Ioan Biros to second
Pitching: RHP Mike Koch
Batting: RHB J.J. Basil 0-0: Called Strike
0-1: Grounds into double play, 6-4-3 (Groundball, 6M, EV 86.9 MPH)
Bottom of the 6th over - 1 run, 1 hit, 0 errors, 2 left on base; Greeneville 0 - Baltimore (APP) 11
TOP OF THE 7TH
Greeneville Astros batting - Pitching for Baltimore (APP) Orioles : RHP Steve Webb
Batting: RHB Edgar Trejo 0-0: Called Strike
0-1: Called Strike
0-2: Ball
1-2: Foul Ball, location: 2F
1-2: Strikes out swinging
Batting: LHB Josh Birkner 0-0: Called Strike
0-1: Ball
1-1: Foul Ball, location: 2F
1-2: Strikes out swinging
Batting: RHB Ryan Salas 0-0: Ball
1-0: Called Strike
1-1: Foul Ball, location: 2F
1-2: Foul Ball, location: 2F
1-2: SINGLE (Groundball, 6S, EV 66.9 MPH) (infield hit)
Pitching: RHP Jason Vigil
Batting: RHB Sean Mounts 0-0: Ball
1-0: Called Strike
1-1: Foul Ball, location: 2F
1-2: Ball
2-2: Ball
3-2: Foul Ball, location: 2F
3-2: Foul Ball, location: 2F
3-2: Ground out 5-3 (Groundball, 56, EV 109.4 MPH)
Top of the 7th over - 0 runs, 1 hit, 0 errors, 1 left on base; Greeneville 0 - Baltimore (APP) 11
BOTTOM OF THE 7TH
Baltimore (APP) Orioles batting - Pitching for Greeneville Astros : RHP Mike Koch
Pinch Hitting: LHB Antonio Cantu 0-0: Ball
1-0: Called Strike
1-1: Ball
2-1: SINGLE (Flyball, 8LS, EV 87.5 MPH)
Batting: RHB Matt O'Dea 0-0: Ball
1-0: Called Strike
1-1: Called Strike
1-2: Ball
Wild Pitch!
Antonio Cantu to second
2-2: Ball
3-2: Base on Balls
Batting: RHB Daniel Jackson 0-0: Ball
1-0: Called Strike
1-1: Called Strike
1-2: Foul Ball, location: 2F
1-2: Strikes out swinging
Batting: LHB Rodolfo Montes 0-0: Swinging Strike
0-1: Swinging Strike
0-2: Foul Ball, location: 2F
0-2: Ball
1-2: Strikes out looking
Pitching: RHP Greg Otto
Batting: RHB Kaleb Yerger 0-0: Ball
1-0: Fielders Choice at 2nd, 6-4 (Groundball, 6, EV 81.9 MPH)
Bottom of the 7th over - 0 runs, 1 hit, 0 errors, 2 left on base; Greeneville 0 - Baltimore (APP) 11
TOP OF THE 8TH
Greeneville Astros batting - Pitching for Baltimore (APP) Orioles : RHP Jason Vigil
Now at 1B: Daniel Jackson
Now in RF: Antonio Cantu
Batting: RHB Workneh Lagat 0-0: Called Strike
0-1: Swinging Strike
0-2: Strikes out swinging
Batting: LHB Jackson Trottier 0-0: Called Strike
0-1: Ball
1-1: Swinging Strike
1-2: Strikes out swinging
Batting: RHB Gabe Allen 0-0: Foul Ball, location: 2F
0-1: Swinging Strike
0-2: Foul Ball, location: 2F
0-2: Strikes out swinging
Top of the 8th over - 0 runs, 0 hits, 0 errors, 0 left on base; Greeneville 0 - Baltimore (APP) 11
BOTTOM OF THE 8TH
Baltimore (APP) Orioles batting - Pitching for Greeneville Astros : RHP Greg Otto
Batting: RHB Ioan Biros 0-0: Called Strike
0-1: Ball
1-1: Foul Ball, location: 2F
1-2: Ground out 6-3 (Groundball, 6, EV 97.5 MPH)
Batting: RHB Mike Zepeda 0-0: Ball
1-0: Ball
2-0: Ball
3-0: Called Strike
3-1: Base on Balls
Batting: RHB Fernando Bravo 0-0: Ball
1-0: Foul Ball, location: 2F
1-1: Ball
2-1: Ball
3-1: Base on Balls
Mike Zepeda to second
Batting: RHB J.J. Basil 0-0: Called Strike
0-1: Ball
1-1: 3-RUN HOME RUN (Flyball, 7LD, EV 96.2 MPH), Distance : 356 ft
Pitching: RHP Oscar Andrade
Batting: LHB Antonio Cantu 0-0: Ball
1-0: Swinging Strike
1-1: SINGLE (Groundball, 56S, EV 73.8 MPH) (infield hit)
Batting: RHB Matt O'Dea 0-0: Ball
1-0: Ball
2-0: Called Strike
2-1: Foul Ball, location: 2F
2-2: Strikes out swinging
Pinch Hitting: RHB Ronnie Cummings 0-0: Swinging Strike
0-1: Foul Ball, location: 2F
0-2: Foul Ball, location: 2F
0-2: Foul Ball, location: 2F
0-2: Ball
1-2: Strikes out swinging
Bottom of the 8th over - 3 runs, 2 hits, 0 errors, 1 left on base; Greeneville 0 - Baltimore (APP) 14
TOP OF THE 9TH
Greeneville Astros batting - Pitching for Baltimore (APP) Orioles : RHP Jason Vigil
Now at 1B: Ronnie Cummings
Batting: RHB Guo-ning Chen 0-0: Called Strike
0-1: Foul Ball, location: 2F
0-2: Foul Ball, location: 2F
0-2: Ball
1-2: Strikes out swinging
Batting: LHB Lou Toth 0-0: Ball
1-0: Called Strike
1-1: Swinging Strike
1-2: Ball
2-2: Strikes out swinging
Batting: RHB Edgar Trejo 0-0: Ball
1-0: Called Strike
1-1: Foul Ball, location: 2F
1-2: Strikes out swinging
Top of the 9th over - 0 runs, 0 hits, 0 errors, 0 left on base; Greeneville 0 - Baltimore (APP) 14
Thursday, March 31st , 2022 - OOTP Baseball 22.12 Build 89